 Dungeon Crawl Stone Soup version 0.31-a0-360-gb3e1d13bf4 (webtiles) character file.

Game seed: 586654521370277414

2195 IdlyInterested the Trooper (level 9, -6/72 HPs)
             Began as a Demonspawn Gladiator on July 21, 2023.
             Killed from afar by a steam dragon (11 damage)
             ... with a ball of steam
             ... on level 7 of the Dungeon on July 26, 2023.
             The game lasted 00:19:31 (6883 turns).

IdlyInterested the Trooper (Demonspawn Gladiator)   Turns: 6883, Time: 00:19:31

Health: -6/72      AC: 12    Str: 16    XL:     9   Next: 12%
Magic:  9/9        EV: 11    Int: 16    God:
Gold:   384        SH:  4    Dex: 17    Spells: 8/8 levels left

rFire   . . .        z - +0 morningstar (vamp)
rCold   . . .        v - +0 buckler
rNeg    . . .        l - +4 scale mail "Viegawk" {+Blink Slay+2}
rPois   .            (helmet restricted)
rElec   .            h - +0 cloak
rCorr   .            (no gloves)
SInv    .            (no boots)
Will    .....        (no amulet) Stlth
                     o - +6 ring of intelligence
HPRegen 0.32/turn    (no ring)
MPRegen 0.11/turn

%: no passive effects
@: no status effects
A: hooves 2, horns 2
a: Evoke Blink


You were on level 7 of the Dungeon.
You visited 1 branch of the dungeon, and saw 7 of its levels.
You also visited: Sewer.

You collected 384 gold pieces.

Inventory:

Hand Weapons
 b - a +3 mace
 s - a +2 short sword of speed
 t - the +1 falchion "Pygefit" {vamp, Fragile Fly rPois}
   (You found it on level 3 of the Dungeon)

   rPois:     It protects you from poison.
   Fly:       It grants you flight.
   Fragile:   It will be destroyed if unequipped.
 z - a +0 vampiric morningstar (weapon)
Missiles
 d - 5 throwing nets
 e - a javelin
 f - 49 stones (quivered)
 x - 6 boomerangs
 D - 11 poisoned darts
Armour
 h - a +0 cloak (worn)
 j - a +0 tower shield
 l - the +4 scale mail "Viegawk" (worn) {+Blink Slay+2}
   (You found it in a sewer)

   Slay:      It affects your accuracy & damage with ranged weapons and melee
   (+2).
   +Blink:    It lets you blink.
 v - a +0 buckler (worn)
 A - a +1 scale mail
 G - the +0 ring mail "Iduhoss" {Int+8 Slay+2 Stlth+}
   (You found it on level 6 of the Dungeon)

   Int:       It affects your intelligence (+8).
   Slay:      It affects your accuracy & damage with ranged weapons and melee
   (+2).
   Stlth:     It makes you more stealthy.
Magical Staves
 i - a staff of death
Jewellery
 o - a +6 ring of intelligence (left hand)
Talismans
 B - a blade talisman
Wands
 w - a wand of paralysis (11)
Scrolls
 c - 2 scrolls of enchant armour
 g - 6 scrolls of teleportation
 n - a scroll of immolation
 p - 2 scrolls of poison
 u - 2 scrolls of amnesia
 y - a scroll of vulnerability
 F - a scroll of revelation {unknown}
 H - a scroll of enchant weapon {unknown}
Potions
 a - a potion of haste
 k - a potion of resistance
 m - a potion of mutation
 q - a potion of invisibility
 r - a potion of might
 E - a potion of attraction


   Skills:
 + Level 7.3 Fighting
 + Level 6.9 Maces & Flails
 - Level 2.0 Throwing
 + Level 4.7 Armour
 - Level 4.0 Dodging
 - Level 1.0 Stealth
 - Level 2.0 Evocations


You had 8 spell levels left.
You didn't know any spells.
Your spell library contained the following spells:

 Spells                   Type           Power      Damage    Failure   Level
 Lesser Beckoning         Tloc           0%         N/A       86%         2
 Sublimation of Blood     Necr           0%         N/A       86%         2
 Wereblood                Tmut           0%         N/A       86%         2
 Gell's Gravitas          Tloc           0%         N/A       98%         3
 Teleport Other           Tloc           0%         N/A       98%         3
 Petrify                  Tmut/Erth      0%         N/A       100%        4
 Irradiate                Conj/Tmut      0%         3d11      100%        5


Dungeon Overview and Level Annotations

Branches:
Dungeon (7/15)              Sewer (visited)
 Temple: D:4-7

Altars:
Cheibriados
Wu Jian

Shops:
D:2 [


Innate Abilities, Weirdness & Mutations

You have hoof-like feet.
You have a pair of horns on your head.


Message History

You closely miss the black bear.
The black bear is almost dead.
The black bear misses you. You block the black bear's attack.
The black bear claws you but does no damage.
The black bear rages.
The black bear is engulfed in a cloud of scalding steam.
The black bear dies!
You feel a sense of dread.
z - a +0 vampiric morningstar (weapon)
An orc comes into view. It is wielding a +0 short sword.
You sock the steam dragon! Your kick misses the steam dragon.
You headbutt the steam dragon, but do no damage.
The steam dragon is moderately wounded.
The steam dragon breathes steam at you.
The ball of steam hits you but does no damage.
The steam dragon closely misses you.
The steam dragon claws you but does no damage.
The steam dragon breathes steam at you. The ball of steam hits you!
* * * LOW HITPOINT WARNING * * *
The steam dragon attacks as you move away!
The steam dragon barely misses you. You block the steam dragon's attack.
You thump the steam dragon!
You feel better.
Your kick misses the steam dragon. Your headbutt misses the steam dragon.
The steam dragon is severely wounded.
The steam dragon closely misses you.
The steam dragon claws you but does no damage.
You closely miss the steam dragon.
You kick the steam dragon, but do no damage.
The steam dragon is severely wounded.
You block the steam dragon's attack. The steam dragon completely misses you.
You barely miss the steam dragon. Your headbutt misses the steam dragon.
The steam dragon is severely wounded.
The steam dragon breathes steam at you. The ball of steam hits you!
* * * LOW HITPOINT WARNING * * *
Found 12 gold pieces.
The steam dragon breathes steam at you. The ball of steam hits you!
You die...

###†#.#######
###.#...#....#
.......~~...+######
#......~.~........#
...#§≈≈≈≈≈#.......#
..#§§~~~~§§.o.....#
..≈§~..#.~§≈#.D.###
..≈~.?#$$.~~≈§§##
..≈~..###..~≈@§§......
.#§~§. #$.~≈§§#.#####
.§§≈ #..~§§#§#.#
~~~~~§...# #
≈≈≈≈§..... $...#.....
.........# ####...


You could see a steam dragon (catching breath) and an orc.

Vanquished Creatures
  Grinder (D:4)
  A steam dragon (D:7)
  A water moccasin (Sewer)
  An orc warrior (D:6)
  A black bear (D:5)
  3 sky beasts
  An ice beast (D:6)
  3 phantoms
  3 scorpions
  A howler monkey (D:6)
  A jelly (D:7)
  3 hounds
  2 orc priests
  An iron imp (D:3)
  3 sleepcaps
  An iguana (D:6)
  4 orc wizards
  A gnoll (D:1)
  6 adders
  A river rat (D:4)
  A shadow imp (D:6)
  An ufetubus (D:4)
  2 adder skeletons (D:2)
  A worm (D:4)
  A dart slug (D:2)
  27 orcs
  5 ball pythons
  9 bats
  A bat skeleton (D:2)
  6 endoplasms
  A giant cockroach (D:3)
  7 goblins
  10 hobgoblins
  5 jackals
  6 quokkas
  2 ball python skeletons (D:2)
  A frilled lizard (D:3)
  4 kobolds
  9 rats
138 creatures vanquished.

Vanquished Creatures (others)
  A sky beast (D:7)
  A black bear (D:7)
2 creatures vanquished.

Grand Total: 140 creatures vanquished

Notes
Turn   | Place    | Note
-------+----------+-------------------------------------------
     0 | D:1      | IdlyInterested the Demonspawn Gladiator began the quest for
                  | the Orb.
     0 | D:1      | Reached XP level 1. HP: 16/16 MP: 1/1
    69 | D:1      | Discovered your monstrous ancestry.
    69 | D:1      | Gained mutation: You have large cloven feet. [demonic
                  | ancestry]
    69 | D:1      | Reached XP level 2. HP: 9/23 MP: 2/2
   369 | D:1      | Found a faded altar of an unknown god.
   960 | D:2      | Reached XP level 3. HP: 28/28 MP: 3/3
  1402 | D:2      | Found Odocebo's Antique Armour Shoppe.
  1416 | D:2      | Reached skill level 1 in Armour
  1525 | D:2      | Reached skill level 3 in Fighting
  1655 | D:2      | Gained mutation: You have a pair of small horns on your
                  | head. [demonic ancestry]
  1655 | D:2      | Reached XP level 4. HP: 35/35 MP: 4/4
  2052 | D:3      | Reached skill level 1 in Stealth
  2085 | D:3      | Found an ornate altar of the Wu Jian Council.
  2122 | D:3      | Found a snail-covered altar of Cheibriados.
  2254 | D:3      | Identified the +1 falchion "Pygefit" {vamp, Fragile Fly
                  | rPois}
  2266 | D:3      | Reached XP level 5. HP: 16/41 MP: 5/5
  3601 | D:4      | Reached XP level 6. HP: 28/48 MP: 6/6
  3620 | D:4      | Found a glowing drain.
  3627 | Sewer    | Entered a sewer
  3670 | Sewer    | Noticed a water moccasin
  3685 | Sewer    | Killed a water moccasin
  3686 | Sewer    | Reached skill level 4 in Fighting
  3817 | Sewer    | Identified the +4 scale mail "Viegawk" {+Blink Slay+2}
  4012 | D:4      | Reached skill level 1 in Evocations
  4012 | D:4      | Upgraded the game from 0.31-a0-344-gd109795599 to
                  | 0.31-a0-360-gb3e1d13bf4
  4387 | D:4      | Noticed Grinder
  4393 | D:4      | Killed Grinder
  4394 | D:4      | Reached skill level 5 in Fighting
  4394 | D:4      | Gained mutation: You have hoof-like feet. [demonic
                  | ancestry]
  4394 | D:4      | Reached XP level 7. HP: 35/56 MP: 7/7
  5073 | D:5      | Entered Level 5 of the Dungeon
  5160 | D:5      | Reached skill level 5 in Maces & Flails
  5299 | D:5      | Gained mutation: You have a pair of horns on your head.
                  | [demonic ancestry]
  5299 | D:5      | Reached XP level 8. HP: 15/64 MP: 8/8
  5859 | D:6      | Reached skill level 6 in Fighting
  6532 | D:6      | Identified the +0 ring mail "Iduhoss" {Int+8 Slay+2 Stlth+}
  6839 | D:7      | Reached skill level 7 in Fighting
  6854 | D:7      | Reached XP level 9. HP: 16/72 MP: 9/9
  6883 | D:7      | Killed from afar by a steam dragon

Illustrated notes

Levels and vault maps discovered:
D:1:      dpeg_arrival_shrine, layout_basic,
          dreamdust_ecumenical_altar_hidden_monk_grotto
D:2:      layout_basic, serial_shops, nicolae_shop_waterfront, serial_undead,
          serial_undead_d, serial_undead_b, serial_undead_e, serial_undead_f
D:3:      layout_basic, mainiacjoe_overflow_24_doors, slow_altar_1
D:4:      layout_layer_cave, gup_sewer_entry_spiral, uniq_grinder
D:5:      layout_cave_pools
D:6:      hellmonk_destroyed_diamonds, layout_basic
D:7:      layout_basic, minmay_temple_entry_trees, gup_ossuary_entry_pyramid,
          hangedman_misty_isle

Skill      XL: |  1  2  3  4  5  6  7  8 |
---------------+-------------------------+-----
Throwing       | 2 |  2.0
Maces & Flails | 3 4 5 6 |  6.9
Dodging        | 3 4 |  4.0
Armour         | 1 2 3 4 |  4.7
Fighting       | 3 5 7 |  7.3
Stealth        | 1 |  1.0
Evocations     | 1 2 |  2.0

Action                     |  1- 3 |  4- 6 |  7- 9 || total
---------------------------+-------+-------+-------++-------
  Melee: Flail             |    97 |    63 |       ||   160
         Kick              |    24 |    34 |    50 ||   108
         Headbutt          |       |    20 |    31 ||    51
         Punch             |       |     1 |       ||     1
         Morningstar       |       |    66 |    12 ||    78
         Mace              |       |    42 |   139 ||   181
  Throw: Stone             |       |     7 |     3 ||    10
         Dart              |       |       |     2 ||     2
    Use: Scroll            |     1 |     7 |     6 ||    14
         Potion            |       |     1 |     1 ||     2
 Armour: Leather armour    |    31 |    12 |       ||    43
         Scale mail        |       |    51 |   109 ||   160
         Ring mail         |       |     7 |       ||     7
  Dodge: Dodged            |    83 |    91 |    68 ||   242
  Block: Buckler           |       |    23 |    36 ||    59

Table legend: (Time is in decaauts)
 A = Elapsed time spent in this place.
 B = Non-inter-level travel time spent in this place.
 C = Inter-level travel time spent in this place.
 D = Time resting spent in this place.
 E = Time spent auto-exploring this place.
 F = Levels seen in this place.
 G = Mean time per level.
                   A        B        C        D        E       F      G
               +--------+--------+--------+--------+--------+-----+--------+
         Total |   7020 |   5964 |   1056 |    644 |   3620 |   8 |  877.5 |
       Dungeon |   6792 |   5736 |   1056 |    547 |   3607 |   7 |  970.3 |
         Sewer |    228 |    228 |      0 |     97 |     13 |   1 |  228.0 |
               +--------+--------+--------+--------+--------+-----+--------+

Top non-repeatable levels by time:
     D:4: 1700 daAuts
     D:3: 1359 daAuts
     D:1: 1028 daAuts
     D:2: 959 daAuts
     D:6: 928 daAuts
     D:5: 738 daAuts
   Sewer: 228 daAuts
     D:7: 77 daAuts
